 Dungeon Crawl Stone Soup version 0.20.1-1-g8b1a95d (webtiles) character file.

65 torrenera the Firebug (level 4, 0/33 HPs)
             Began as a Hill Orc Fire Elementalist on Aug 29, 2017.
             Slain by a gnoll
             ... wielding a cursed -2 whip
              (8 damage)
             ... on level 1 of the Dungeon.
             The game lasted 00:03:56 (2185 turns).

torrenera the Firebug (Hill Orc Fire Elementalist)  Turns: 2185, Time: 00:03:57

Health: 0/33       AC:  2    Str: 11    XL:     4   Next: 13%
Magic:  4/6        EV: 12    Int: 15    God:
Gold:   58         SH:  0    Dex: 11    Spells: 2/6 levels left

rFire    . . .     SeeInvis .   i - +1 spear (pierce)
rCold    . . .     Gourm    .   (no shield)
rNeg     . . .     Faith    .   a - +0 robe
rPois    .         Spirit   .   (no helmet)
rElec    .         Reflect  .   (no cloak)
rCorr    .         Harm     .   (no gloves)
MR       .....                  (no boots)
Stlth    ++........             (no amulet)
Regen    0.2/turn               (no ring)
MPRegen  0.1/turn               (no ring)

@: no status effects
A: no striking features
a: no special abilities


You were on level 1 of the Dungeon.
You were not hungry.

You visited 1 branch of the dungeon, and saw 2 of its levels.

You collected 58 gold pieces.

Inventory:

Hand Weapons
 i - a +1 spear of piercing (weapon)
 n - a +0 hunting sling
Missiles
 j - 30 stones (quivered)
 p - 5 needles of confusion
 t - 16 poisoned needles
Armour
 a - a +0 robe (worn)
Scrolls
 e - a scroll of remove curse {unknown}
 f - a scroll of magic mapping {unknown}
 g - a scroll of amnesia {unknown}
 h - a scroll of noise {unknown}
 l - 3 scrolls of teleportation {unknown}
 q - a scroll of enchant weapon {unknown}
 r - a scroll of random uselessness {unknown}
Potions
 m - a potion of magic {unknown}
 o - a potion of curing {unknown}
 s - a potion of brilliance {unknown}
Books
 b - a book of Flames

   Spells                             Type                      Level
   a - Flame Tongue                   Conjuration/Fire             1
   b - Throw Flame                    Conjuration/Fire             2
   c - Conjure Flame                  Conjuration/Fire             3
   d - Inner Flame                    Hexes/Fire                   3
   e - Sticky Flame                   Conjuration/Fire             4
   f - Fireball                       Conjuration/Fire             5
Comestibles
 c - 2 bread rations
 d - 2 meat rations
 k - a chunk of flesh


   Skills:
 - Level 1.5 Dodging
 - Level 1.5 Stealth
 - Level 1.5 Spellcasting
 - Level 1.0 Conjurations
 + Level 5.3 Fire Magic


You had 2 spell levels left.
You knew the following spells:

 Your Spells              Type           Power        Failure   Level  Hunger
a - Flame Tongue          Conj/Fire      ##...        6%          1    ##.....
b - Conjure Flame         Conj/Fire      ##......     19%         3    ####...


Dungeon Overview and Level Annotations

Branches:
Dungeon (2/15)

Altars:


Message History

You climb upwards.
There is a stone staircase leading down here.
Casting: Flame Tongue
Confirm with . or Enter, or press ? or * to list all spells.
Aiming: Flame Tongue
Press: ? - help, Shift-Dir - straight line, f - gnoll
Aim: a gnoll, wielding a whip (lightly wounded)
The flame tongue hits the gnoll.
The gnoll is moderately wounded.
The gnoll hits you with a whip.
* * * LOW HITPOINT WARNING * * *
Casting: Flame Tongue
Confirm with . or Enter, or press ? or * to list all spells.
Aiming: Flame Tongue
Press: ? - help, Shift-Dir - straight line, f/p - gnoll
Aim: a gnoll, wielding a whip (moderately wounded)
The flame tongue hits the gnoll.
The gnoll is severely wounded.
The gnoll hits you with a whip!
You die...

#l# #.### #...## ###..#
# ##.# ## #.# #)
###########.# #.
##...##)..##.# ###.
##.....@....#.# #####...
#......g.)....###.....##
#.......(.........######
#..............#########
##..........#.## #...รท
##...##...##.# #.###
########.##.# #.#
#..#.## #.#
##....#####.#


You could see a gnoll.

Vanquished Creatures
  A gnoll (D:2)
  2 adders (D:2)
  A worm (D:2)
  A dart slug (D:2)
  A leopard gecko (D:2)
  2 bats (D:1)
  3 giant cockroaches
  5 goblins
  A hobgoblin (D:1)
  3 jackals
  3 frilled lizards (D:1)
  4 kobolds (D:1)
  7 rats
34 creatures vanquished.

Notes
Turn   | Place    | Note
-------+----------+-------------------------------------------
     0 | D:1      | torrenera the Hill Orc Fire Elementalist began the quest for the Orb.
     0 | D:1      | Reached XP level 1. HP: 14/14 MP: 3/3
   636 | D:1      | Reached XP level 2. HP: 19/20 MP: 1/4
   699 | D:1      | Reached skill level 4 in Fire Magic
  1119 | D:1      | Reached XP level 3. HP: 21/26 MP: 5/5
  1434 | D:2      | Reached skill level 5 in Fire Magic
  1757 | D:2      | Learned a level 3 spell: Conjure Flame
  2123 | D:2      | Reached XP level 4. HP: 33/33 MP: 2/6
  2185 | D:1      | Slain by a gnoll

Skill      XL: |  1  2  3 |
---------------+----------+-----
Fire Magic     | 4 5 |  5.3
Dodging        | |  1.5
Stealth        | |  1.5
Spellcasting   | |  1.5
Conjurations   | |  1.0

Action                   |  1- 3 |  4- 6 || total
-------------------------+-------+-------++-------
Melee: Unarmed           |    17 |       ||    17
       Spear             |    51 |     2 ||    53
Throw: Stone             |     1 |       ||     1
 Cast: Flame Tongue      |    35 |     3 ||    38
       Conjure Flame     |     1 |       ||     1
 Stab: Sleeping          |     3 |       ||     3
  Eat: Chunk             |     5 |       ||     5
Armor: Robe              |    11 |       ||    11
Dodge: Dodged            |    48 |     4 ||    52
